 Dungeon Crawl Stone Soup version 0.31-a0-459-gc8a9bf3d51 (console) character file.

Game seed: 16119206243827496502

282286 Lexodia the Convoker (level 20, -2/141 HPs)
             Began as a Tengu Fire Elementalist on Aug 4, 2023.
             Was the Champion of Vehumet.
             Slain by a deep elf blademaster
             ... wielding a +0 quick blade
              (6 damage)
             ... on level 3 of the Elven Halls.
             The game lasted 03:47:30 (41655 turns).

Lexodia the Convoker (Tengu Fire Elementalist)     Turns: 41655, Time: 03:47:34

Health: -2/141     AC: 19    Str: 17    XL:     20   Next: 52%
Magic:  27/48      EV: 20    Int: 22    God:    Vehumet [******]
Gold:   82         SH: 17    Dex: 15    Spells: 6/47 levels left

rFire   + . .        x - staff of conjuration
rCold   + + .        S - +5 kite shield {AC+3}
rNeg    . . .        n - +3 leather armour {rF+}
rPois   +            F - +2 hat
rElec   .            c - +2 cloak
rCorr   .            X - +2 pair of gloves {Str+3}
SInv    +            (boots unavailable)
Will    +....        V - amulet of Ucoastror {RegenMP Rampage rC+ Dex-5}
Stlth   ++           p - ring of magical power
HPRegen 0.43/turn    z - ring of Serarph {rPois Str+4 Dex+4 SInv}
MPRegen 0.71/turn

%: rampage
@: brilliant, flying quickly and evasively, studying Staves, invisible, quick
A: beak, talons 3, nimble flight, cold resistance 1, robust 1, screaming 1
}: 2/15 runes: decaying, serpentine
a: Renounce Religion


You were on level 3 of the Elven Halls.
You worshipped Vehumet.
Vehumet was exalted by your worship.
You visited 6 branches of the dungeon, and saw 33 of its levels.
You visited 1 bazaar.
You also visited: Ossuary, Bailey and Ice Cave.

You collected 4134 gold pieces.
You spent 4052 gold pieces at shops.

Inventory:

Hand Weapons
 U - a +8 spectral lajatang
Missiles
 Y - 9 throwing nets
Armour
 c - a +2 cloak (worn)
 n - a +3 leather armour of fire resistance (worn)
 C - the +0 leather armour of Pinkur {rN+ Dex+4}
   (You bought it in a shop in a bazaar)

   Dex:       It affects your dexterity (+4).
   rN:        It protects you from negative energy.
 F - a +2 hat (worn)
 J - a scarf of invisibility
 S - a +5 kite shield of protection (worn)
 X - a +2 pair of gloves of strength (worn)
Magical Staves
 a - a staff of air
 e - a staff of fire
 x - a staff of conjuration (weapon)
Jewellery
 b - a ring of protection from fire
 h - a ring of resist corrosion
 p - a ring of magical power (left hand)
 s - a ring of ice
 t - a +6 ring of intelligence
 z - the ring of Serarph (right hand) {rPois Str+4 Dex+4 SInv}
   (You found it on level 12 of the Dungeon)

   [ring of see invisible]

   Str:       It affects your strength (+4).
   Dex:       It affects your dexterity (+4).
   rPois:     It protects you from poison.
   SInv:      It lets you see invisible.
 R - the ring "Tuop" {Drain rF++ rC+ Str+2}
   (You found it in an ice cave)

   [ring of protection from cold]

   Str:       It affects your strength (+2).
   rF:        It greatly protects you from fire.
   rC:        It protects you from cold.
   Drain:     It drains your maximum health when unequipped.
 V - the amulet of Ucoastror (around neck) {RegenMP Rampage rC+ Dex-5}
   (You took it off a boggart on level 11 of the Dungeon)

   [amulet of magic regeneration]

   It increases your rate of magic regeneration.
   Dex:       It affects your dexterity (-5).
   rC:        It protects you from cold.
   Rampage:   It bestows one free step when moving towards enemies.
Wands
 l - a wand of iceblast (38)
 v - a wand of flame (10)
 D - a wand of paralysis (24)
 E - a wand of digging (9)
 O - a wand of light (7)
Scrolls
 f - 2 scrolls of poison
 i - 2 scrolls of enchant armour
 m - 14 scrolls of teleportation
 q - 6 scrolls of fog
 y - a scroll of enchant weapon
 I - 3 scrolls of blinking
 L - 6 scrolls of identify
 N - 2 scrolls of torment
 P - 4 scrolls of immolation
 T - 9 scrolls of fear
 W - 3 scrolls of silence
Potions
 d - 3 potions of resistance
 g - 4 potions of berserk rage
 j - 6 potions of haste
 k - 2 potions of attraction
 o - 3 potions of enlightenment
 r - 19 potions of curing
 u - 5 potions of mutation
 w - 6 potions of heal wounds
 A - 6 potions of ambrosia
 B - 3 potions of magic
 G - 7 potions of lignification
 H - 6 potions of brilliance
 K - 5 potions of cancellation
 Q - 5 potions of might


   Skills:
 + Level 15.3 Fighting
 - Level 15.0 Staves
 - Level 12.0 Armour
 - Level 12.0 Dodging
 - Level 2.0 Stealth
 + Level 10.6 Shields
 - Level 14.0 Spellcasting
 + Level 14.8 Conjurations
 + Level 16.8 Summonings
 - Level 2.0 Translocations
 - Level 12.0 Fire Magic
 - Level 2.2 Ice Magic
 + Level 7.9 Air Magic
 - Level 8.0 Evocations


You had 6 spell levels left.
You knew the following spells:

 Your Spells              Type           Power      Damage    Failure   Level
a - Summon Cactus Giant   Summ           47%        N/A       1%          6
b - Scorch                Fire           100%       2d9       1%          2
c - Starburst             Conj/Fire      53%        6d14      1%          6
d - Plasma Beam           Fire/Air       36%        2x1d50    7%          6
f - Iskenderun's Mystic   Conj/Tloc      87%        2d17      1%          4
g - Sticky Flame          Conj/Fire      100%       2d11      1%          4
h - Spellforged Servitor  Conj/Summ      56%        N/A       3%          7
z - Fireball              Conj/Fire      53%        3d21      1%          5
P - Foxfire               Conj/Fire      100%       2x1d9     1%          1

Your spell library contained the following spells:

 Spells                   Type           Power      Damage    Failure   Level
 Maxwell's Capacitive Co  Air            33%        ∞         99%         8
 Fire Storm               Conj/Fire      53%        8d13      100%        9
 Shatter                  Erth           11%        3d12*     100%        9
 Magic Dart               Conj           100%       1d8       0%          1
 Summon Small Mammal      Summ           100%       N/A       0%          1
 Freeze                   Ice            100%       1d10      1%          1
 Shock                    Conj/Air       100%       1d9       1%          1
 Momentum Strike          Conj/Tloc      100%       3d10      1%          2
 Poisonous Vapours        Pois/Air       98%        N/A       1%          2
 Searing Ray              Conj           100%       2d8       1%          2
 Dazzling Flash           Conj/Hex       100%       N/A       1%          3
 Ignite Poison            Fire/Tmut/Pois 49%        N/A       1%          3
 Inner Flame              Hex/Fire       58%        N/A       1%          3
 Swiftness                Air            66%        N/A       1%          3
 Volatile Blastmotes      Fire/Tloc      100%       2d18      1%          3
 Flame Wave               Conj/Fire      100%       2d21      1%          4
 Fulminant Prism          Conj/Hex       41%        3d19      1%          4
 Summon Lightning Spire   Summ/Air       81%        N/A       1%          4
 Arcjolt                  Conj/Air       49%        1d59      1%          5
 Vhi's Electric Charge    Tloc/Air       100%       N/A       3%          3
 Animate Armour           Summ/Erth      100%       N/A       3%          4
 Apportation              Tloc           72%        N/A       4%          1
 Cigotuvi's Dreadful Rot  Necr/Pois/Air  80%        N/A       4%          2
 Summon Forest            Summ/Tloc      35%        N/A       5%          5
 Blink                    Tloc           72%        N/A       6%          2
 Lesser Beckoning         Tloc           72%        N/A       6%          2
 Ensorcelled Hibernation  Hex/Ice        60%        N/A       9%          2
 Summon Mana Viper        Hex/Summ       68%        N/A       9%          5
 Necrotise                Necr           92%        1d8       10%         1
 Slow                     Hex            92%        N/A       10%         1
 Sting                    Tmut/Pois      92%        1d7       10%         1
 Gell's Gravitas          Tloc           36%        N/A       12%         3
 Teleport Other           Tloc           36%        N/A       12%         3
 Passwall                 Tmut/Erth      19%        N/A       14%         2
 Sublimation of Blood     Necr           23%        N/A       14%         2
 Portal Projectile        Hex/Tloc       58%        N/A       19%         3
 Olgreb's Toxic Radiance  Pois           23%        N/A       24%         4
 Confusing Touch          Hex            23%        N/A       28%         3
 Tukima's Dance           Hex            23%        N/A       28%         3
 Vampiric Draining        Necr           23%        2d7       28%         3
 Manifold Assault         Tloc           36%        N/A       38%         4
 Silence                  Hex/Air        24%        N/A       45%         5
 Lee's Rapid Deconstruct  Erth           11%        3d8*      52%         5
 Yara's Violent Unravell  Hex/Tmut       11%        3d6       52%         5
 Anguish                  Hex/Necr       11%        N/A       67%         4
 Animate Dead             Necr           23%        N/A       67%         4
 Cause Fear               Hex            11%        N/A       67%         4
 Dispel Undead            Necr           23%        3d12      67%         4
 Leda's Liquefaction      Hex/Erth       11%        N/A       67%         4
 Agony                    Necr           23%        N/A       95%         5
 Borgnjor's Vile Clutch   Necr/Erth      11%        N/A       95%         5
 Eringya's Noxious Bog    Tmut/Pois      11%        4d6       96%         6
 Dispersal                Tloc           18%        N/A       99%         6
 Death Channel            Necr           11%        N/A       100%        6
 Summon Horrible Things   Summ           47%        N/A       52%         8
 Ignition                 Fire           40%        3d12      71%         8
 Malign Gateway           Summ/Tloc      35%        N/A       86%         7
 Haunt                    Necr/Summ      34%        N/A       94%         7
 Lehudib's Crystal Spear  Conj/Erth      41%        10d10     99%         8
 Enfeeble                 Hex            11%        N/A       100%        7
 Discord                  Hex            11%        N/A       100%        8
 Disjunction              Tloc           18%        N/A       100%        8
 Infestation              Necr           11%        N/A       100%        8
 Death's Door             Necr           11%        N/A       100%        9


Dungeon Overview and Level Annotations

Branches:
Dungeon (15/15)            Temple (0/1) D:7            Lair (5/5) D:8
  Swamp (4/4) Lair:2        Snake (4/4) Lair:2        Slime (0/5) Lair:5
    Orc (2/2) D:11            Elf (3/3) Orc:2        Vaults (0/5) D:13
 Depths (0/4) D:15        Ossuary (visited)          Bailey (visited)
  IceCv (visited)

Altars:
Ashenzari
Cheibriados
Dithmenos
Elyvilon
Kikubaaqudgha
Makhleb
Okawaru
Qazlal
Ru
Uskayaw
Vehumet
Xom
Yredelemnul
Jiyva

Shops:
D:1 [   D:6 *   D:8 :   D:9 *   D:15 =   Orc:2 =:(*   Elf:1 (:   Elf:2 (
Snake:1 :==   Snake:3 :(

Portals:
Trove: D:12 (give 15 scrolls of teleportation)

Annotations:
D:15 exclusion: obsidian statue


Innate Abilities, Weirdness & Mutations

You have a beak for a mouth.
You have claws for feet.
Your magical nature lets you fly swiftly and evasively.
Your flesh is cold resistant. (rC+)
You are robust. (+10% HP)
You occasionally shout uncontrollably at your foes.


Message History

The deep elf blademaster completely misses you.
A deep elf sorcerer comes into view. It is wielding a +0 long sword.
Casting: Summon Cactus Giant (mildly dangerous; 1% risk of failure)
Confirm with . or Enter, or press ? or * to list all spells.
Casting: Starburst (mildly dangerous; 1% risk of failure)
Press: ? - help, Dir - look around, f - activate You feel a strong surge of power!
Really fire in your cactus giant's direction?
The bolt of fire hits your cactus giant!!!
Your cactus giant is moderately damaged.
The bolt of fire hits your spellforged servitor!
Your spellforged servitor resists.
Your spellforged servitor is lightly damaged.
The bolt of fire misses the deep elf blademaster.
The bolt of fire hits the deep elf death mage!!!
The deep elf death mage is heavily wounded.
The bolt of fire hits the deep elf elementalist!!!
The deep elf elementalist is almost dead.
Your cactus giant disappears in a puff of smoke!
You hear a shout!
The deep elf annihilator gestures at you while chanting.
The entropic shot hits you!!!
* * * LOW HITPOINT WARNING * * *
The deep elf knight wields a +0 shortbow.
The deep elf knight shoots an arrow.
The arrow completely misses the deep elf archer.
The arrow hits the deep elf death mage!
The deep elf elementalist mumbles some strange words.
The deep elf elementalist seems to speed up.
A deep elf annihilator comes into view. It is wielding a +0 short sword.
A deep elf death mage comes into view. It is wielding a +0 short sword.
The deep elf elementalist gestures wildly while chanting.
The deep elf elementalist seems to speed up.
The deep elf blademaster hits you with a +0 quick blade.
* * * LOW HITPOINT WARNING * * *
The deep elf blademaster hits you with a +0 quick blade.
* * * LOW HITPOINT WARNING * * *
You block the deep elf blademaster's attack.
The deep elf blademaster hits you with a +0 quick blade.
You die... .#...e...## ##4........## ...e..)...... ...ee.e...... .ee)e.... eee..

###e###
##.)e@.##
###....§e.###
#...e.......#
#......9....#
#...........#
#...........#
#...........#
#...........#
###.......###


You could see a deep elf blademaster (unable to see you, ally target), a deep
elf master archer (unable to see you), 3 deep elf annihilators, 3 deep elf death
magi, 2 deep elf sorcerers, 2 deep elf elementalists, a deep elf demonologist, a
deep elf archer (repels missiles, unable to see you), a deep elf knight (unable
to see you), a hellwing (summoned, wandering, unable to see you) and a friendly
spellforged servitor (summoned).

Vanquished Creatures
  Agnes (D:14)
  A thorn hunter (Swamp:3)
  A fenstrider witch (Swamp:3)
  A deep elf sorcerer (Elf:1)
  A deep elf elementalist (Elf:3)
  A very ugly thing (D:15)
  An eleionoma (Swamp:1)
  4 bunyips
  A dire elephant (Lair:5)
  The ghost of Varahof the Bludgeoner, a journeyman MiFi of Okawaru (D:12)
  A minotaur (Lair:1)
  Snorg (D:11)
  2 shambling mangroves
  A deep elf high priest (Elf:2)
  A fire dragon (D:13)
  A great orb of eyes (D:15)
  2 salamander tyrants (Snake:4)
  Harold (Orc:1)
  21 hydras
  A catoblepas (Lair:5)
  Fannar (Lair:3)
  A merfolk avatar (Lair:5)
  2 ghost crabs
  2 rakshasas
  The ghost of blacky4 the Fighter, a journeyman GrFi of Gozag (Lair:1)
  2 anacondas
  8 dancing weapons
  4 two-headed ogres
  6 death yaks (Lair:5)
  6 boulder beetles (D:11)
  7 naga warriors
  6 centaur warriors
  2 tengu warriors (D:14)
  5 orc high priests (Orc:2)
  13 alligators
  A shock serpent (Snake:2)
  12 naga sharpshooters
  5 hell knights (D:15)
  7 deep elf knights
  A soul eater (D:15)
  2 skysharks (Lair:5)
  A sixfirhy (D:15)
  A salamander mystic (Snake:4)
  Amaemon (D:10)
  A death drake (Swamp:4)
  4 spriggan druids
  2 bog bodies
  8 goliath frogs
  3 naga ritualists
  5 spriggan simulacra (IceCv)
  8 swamp dragons
  6 deep elf archers
  A harpy (shapeshifter) (D:13)
  Pikel (D:6)
  6 oklob plants
  3 mana vipers (Snake:4)
  12 deep elf pyromancers
  5 orc knights
  8 deep elf zephyrmancers
  8 cyclopes
  8 manticores
  2 orc sorcerers
  8 ugly things
  6 will-o-the-wisps
  2 large abominations (Elf:1)
  6 salamanders
  16 black mambas
  2 guardian serpents
  25 slime creatures
  9 naga magi
  Maurice (D:13)
  6 elephants
  2 rust devils (D:15)
  2 ice statues (Snake:4)
  3 gargoyles
  3 torpor snails
  2 orange demons
  2 smoke demons (D:15)
  Maggie (D:6)
  9 cane toads
  4 kobold demonologists
  6 rime drakes
  A rime drake (shapeshifter) (D:14)
  A yaktaur (shapeshifter) (D:13)
  2 anaconda simulacra (IceCv)
  13 komodo dragons
  A tengu conjurer (D:11)
  2 red devils (D:15)
  2 guardian mummies (D:12)
  6 ice devils
  10 bloated husks
  A troll (shapeshifter) (D:13)
  10 trolls
  9 polar bears
  A wind drake (Lair:5)
  6 tyrant leeches
  8 hornets
  3 hellwings (D:15)
  15 blink frogs
  4 dream sheep (Lair:1)
  A spriggan (shapeshifter) (Elf:1)
  A ynoxinul (D:15)
  3 air elementals
  4 wyverns
  4 spriggans
  A spectral black mamba (Lair:2)
  3 wraiths
  52 yaks
  A culicivora (shapeshifter) (D:15)
  2 vampires
  Eustachio (D:4)
  A hog (shapeshifter) (D:14)
  2 water elementals (Elf:3)
  2 steam dragons
  4 basilisks
  6 minotaur simulacra (IceCv)
  11 vampire mosquitoes
  Menkaure (D:7)
  Edmund (D:6)
  3 acid dragons
  19 nagas
  2 wargs (Orc:1)
  14 swamp worms
  3 nameless horrors
  24 water moccasins
  A spectral yak (Lair:2)
  12 swamp drakes
  A hydra simulacrum (IceCv)
  40 orc warriors
  An alligator simulacrum (IceCv)
  An ice beast (D:6)
  2 sky beasts
  7 ogres
  3 wolves (D:8)
  A spectral rime drake (Lair:2)
  4 black bears
  32 centaurs
  5 boggarts
  3 lemures (D:6)
  5 kobold brigands
  14 bullfrogs
  An earth elemental (Elf:3)
  2 gnoll sergeants (D:9)
  3 scorpions
  4 deep troll simulacra (IceCv)
  4 wights (D:7)
  21 killer bees
  A lindwurm simulacrum (IceCv)
  2 electric eels
  4 howler monkeys
  2 jellies (D:8)
  31 orc priests
  2 gnoll boudas
  3 hounds
  4 hell rats (Lair:1)
  36 orc wizards
  2 sleepcaps
  4 iguanas
  4 mummies (Ossuary)
  13 gnolls
  10 adders
  A shadow imp (D:5)
  3 white imps
  2 ufetubi
  A worm (D:2)
  A worm (shapeshifter) (D:15)
  2 dart slugs
  139 orcs
  2 bats
  3 endoplasms
  2 giant cockroaches
  3 gnoll zombies (Ossuary)
  11 goblins
  7 hobgoblins
  A jackal (D:2)
  7 quokkas
  3 training dummies (Elf:2)
  10 ball pythons
  3 frilled lizards
  6 gnoll skeletons (Ossuary)
  3 goblin skeletons (Ossuary)
  8 goblin zombies (Ossuary)
  4 hobgoblin skeletons (Ossuary)
  2 hobgoblin zombies (Ossuary)
  19 kobolds
  2 kobold skeletons (Ossuary)
  7 kobold zombies (Ossuary)
  5 orc skeletons (Ossuary)
  2 orc zombies (Ossuary)
  3 rats
  5 rat skeletons (Ossuary)
  3 rat zombies (Ossuary)
1164 creatures vanquished.

Vanquished Creatures (collateral kills)
  An Ice Fiend (IceCv)
  A deep elf blademaster (Elf:3)
  Kirke (Snake:3)
  5 nagarajas
  3 deep elf sorcerers (Elf:3)
  2 deep elf elementalists (Elf:3)
  A deep elf annihilator (Elf:1)
  2 deep elf high priests (Elf:3)
  A deep elf death mage (Elf:1)
  2 caustic shrike simulacra (IceCv)
  4 anacondas
  An alligator (Swamp:4)
  7 naga warriors
  14 naga sharpshooters
  17 dancing weapons
  2 shock serpents
  10 deep elf knights
  3 salamander mystics
  A swamp dragon (Swamp:4)
  2 naga ritualists
  A bog body (IceCv)
  An obsidian statue (IceCv)
  3 spriggan simulacra (IceCv)
  14 deep elf zephyrmancers
  4 deep elf archers
  16 deep elf pyromancers
  5 mana vipers
  13 salamanders
  11 black mambas
  A guardian serpent (Snake:2)
  3 large abominations (Elf:1)
  10 naga magi
  2 freezing wraiths (IceCv)
  3 ice devils (IceCv)
  An air elemental (Elf:2)
  2 water elementals
  A dire elephant simulacrum (IceCv)
  2 fire elementals
  6 hogs (Snake:3)
  6 minotaur simulacra (IceCv)
  21 nagas
  A harpy simulacrum (IceCv)
  An alligator simulacrum (IceCv)
  2 ettin simulacra (IceCv)
  4 elf zombies (Elf:1)
  2 deep troll simulacra (IceCv)
  A lindwurm simulacrum (IceCv)
  A foxfire (Snake:2)
218 creatures vanquished.

Vanquished Creatures (others)
  A goliath frog (Swamp:2)
  A swamp dragon (Swamp:1)
  2 deep elf zephyrmancers
  A tyrant leech (Swamp:1)
  A bloated husk (Swamp:1)
  A swamp worm (Swamp:3)
  946 foxfires
953 creatures vanquished.

Grand Total: 2335 creatures vanquished

Notes
Turn   | Place    | Note
-------+----------+-------------------------------------------
     0 | D:1      | Lexodia the Tengu Fire Elementalist began the quest for the
                  | Orb.
     0 | D:1      | Reached XP level 1. HP: 10/10 MP: 4/4
   113 | D:1      | Found a faded altar of an unknown god.
   122 | D:1      | Prayed at the altar of an unknown god.
   122 | D:1      | Became a worshipper of Elyvilon the Healer
   122 | D:1      | Reached * piety under Elyvilon
   170 | D:1      | Found Lawawygg's Antique Armour Shop.
   536 | D:1      | Reached XP level 2. HP: 15/15 MP: 4/6
   880 | D:2      | Reached ** piety under Elyvilon
   953 | D:2      | Reached XP level 3. HP: 19/19 MP: 0/7
  1377 | D:2      | Reached XP level 4. HP: 24/24 MP: 4/8
  1678 | D:3      | Found a radiant altar of Vehumet.
  1909 | D:3      | Fell from the grace of Elyvilon
  1910 | D:3      | Became a worshipper of Vehumet
  2140 | D:3      | Learned a level 2 spell: Scorch
  2144 | D:3      | Learned a level 3 spell: Volatile Blastmotes
  2631 | D:4      | Gained mutation: Your magical nature lets you fly swiftly
                  | and evasively. [Tengu growth]
  2631 | D:4      | Reached XP level 5. HP: 28/28 MP: 10/10
  2763 | D:4      | Found a sacrificial altar of Ru.
  2768 | D:4      | Reached skill level 5 in Conjurations
  2862 | D:4      | Noticed a black bear
  2868 | D:4      | Killed a black bear
  2869 | D:4      | Reached XP level 6. HP: 32/32 MP: 12/12
  2873 | D:4      | Reached * piety under Vehumet
  2873 | D:4      | Offered knowledge of Freeze by Vehumet.
  3014 | D:4      | Noticed Eustachio
  3021 | D:4      | Learned a level 4 spell: Flame Wave
  3023 | D:4      | Learned a level 1 spell: Freeze
  3049 | D:4      | Reached skill level 1 in Ice Magic
  3055 | D:4      | Reached XP level 7. HP: 36/36 MP: 13/13
  3293 | D:4      | Found a basalt altar of Yredelemnul.
  3293 | D:4      | Found a shadowy altar of Dithmenos.
  3469 | D:4      | Killed Eustachio
  3470 | D:4      | Reached skill level 5 in Fire Magic
  3586 | D:5      | Entered Level 5 of the Dungeon
  3962 | D:5      | Reached XP level 8. HP: 41/41 MP: 15/15
  4159 | D:5      | Identified a scroll of acquirement
  4224 | D:5      | Acquired a staff of fire
  4496 | D:5      | Reached ** piety under Vehumet
  4497 | D:5      | Reached skill level 1 in Fighting
  4611 | D:6      | Offered knowledge of Momentum Strike by Vehumet.
  4725 | D:6      | Noticed Maggie
  4735 | D:6      | Killed Maggie
  4741 | D:6      | Gained mutation: You sometimes lose your temper in combat.
                  | [potion of mutation]
  4741 | D:6      | Gained mutation: You expend magic power (3 MP) to
                  | strengthen your wands. [potion of mutation]
  4742 | D:6      | Lost mutation: You sometimes lose your temper in combat.
                  | [potion of mutation]
  4742 | D:6      | Lost mutation: You expend magic power (3 MP) to strengthen
                  | your wands. [potion of mutation]
  4742 | D:6      | Gained mutation: You occasionally shout uncontrollably at
                  | your foes. [potion of mutation]
  4742 | D:6      | Gained mutation: Your flesh is cold resistant. (rC+)
                  | [potion of mutation]
  4742 | D:6      | Gained mutation: You are robust. (+10% HP) [potion of
                  | mutation]
  4869 | D:6      | Noticed Edmund
  4874 | D:6      | Killed Edmund
  4982 | D:6      | Reached XP level 9. HP: 46/56 MP: 16/16
  5381 | D:6      | Found Kaibebeumn's Assorted Antiques.
  5388 | D:6      | Bought a scroll labelled POHIPY KIUPIV for 29 gold pieces
  5527 | D:6      | Found a shimmering altar of Xom.
  5527 | D:6      | Found a stormy altar of Qazlal.
  5528 | D:6      | Found an ancient bone altar of Kikubaaqudgha.
  5528 | D:6      | Found a broken altar of Ashenzari.
  5528 | D:6      | Found a hide-covered altar of Uskayaw.
  5629 | D:6      | Noticed Pikel
  5636 | D:6      | Killed Pikel
  5637 | D:6      | Reached skill level 1 in Armour
  5637 | D:6      | Reached skill level 10 in Conjurations
  5637 | D:6      | Reached skill level 1 in Evocations
  5833 | D:7      | Huge Dmg: 15 dmg
  6465 | D:7      | Learned a level 4 spell: Iskenderun's Mystic Blast
  6475 | D:7      | Found an iron altar of Okawaru.
  6491 | D:7      | Reached skill level 5 in Fighting
  6573 | D:7      | Reached XP level 10. HP: 55/64 MP: 17/17
  6704 | D:7      | Noticed Menkaure
  6706 | D:7      | Killed Menkaure
  6924 | D:7      | Found a staircase to the Ecumenical Temple.
  6949 | D:7      | Offered knowledge of Static Discharge by Vehumet.
  7167 | D:8      | Reached *** piety under Vehumet
  7181 | D:8      | Reached skill level 5 in Spellcasting
  7211 | D:8      | Huge Dmg: 12 dmg
  7212 | D:8      | Huge Dmg: 6 dmg
  7664 | D:8      | Found a sand-covered staircase.
  7671 | Ossuary  | Entered an ossuary
  7688 | Ossuary  | Offered knowledge of Sticky Flame by Vehumet.
  7701 | Ossuary  | Learned a level 4 spell: Sticky Flame
  7840 | Ossuary  | Reached **** piety under Vehumet
  7905 | Ossuary  | Offered knowledge of Frozen Ramparts by Vehumet.
  8185 | D:8      | Found Fammog's Self-Improvement Boutique.
  8444 | D:8      | Found a staircase to the Lair.
  8527 | D:8      | Found a snail-covered altar of Cheibriados.
  8759 | D:9      | Huge Dmg: 10 dmg
  8907 | D:9      | Reached skill level 5 in Dodging
  8911 | D:9      | Reached XP level 11. HP: 53/70 MP: 12/19
  9355 | D:9      | Reached skill level 5 in Armour
  9691 | D:9      | Found Wiuffyoxt's Demolitions Depot.
  9724 | D:9      | Bought a scroll of immolation for 44 gold pieces
  9724 | D:9      | Bought a staff of conjuration for 275 gold pieces
  9914 | D:9      | Noticed a two-headed ogre
  9921 | D:9      | Killed a two-headed ogre
  9922 | D:9      | Reached skill level 1 in Translocations
  9979 | D:9      | Huge Dmg: 21 dmg
 10442 | D:9      | Reached ***** piety under Vehumet
 10522 | D:10     | Entered Level 10 of the Dungeon
 10522 | D:10     | Noticed Amaemon
 10532 | D:10     | Killed Amaemon
 10534 | D:10     | Reached skill level 1 in Staves
 10542 | D:10     | Offered knowledge of Yara's Violent Unravelling by Vehumet.
 10760 | D:10     | Found a flagged portal.
 10834 | Bailey   | Entered a bailey
 11336 | Bailey   | Huge Dmg: 21 dmg
 11514 | Bailey   | Reached skill level 10 in Fire Magic
 11607 | Bailey   | Huge Dmg: 12 dmg
 11966 | D:10     | Reached XP level 12. HP: 88/88 MP: 22/22
 12552 | D:11     | Reached skill level 1 in Shields
 12552 | D:11     | Offered knowledge of Fireball by Vehumet.
 12555 | D:11     | Reached XP level 13. HP: 84/92 MP: 23/23
 12564 | D:10     | Huge Dmg: 35 dmg
 12910 | D:11     | Huge Dmg: 22 dmg
 12913 | D:11     | Huge Dmg: 14 dmg
 12916 | D:11     | Reached skill level 5 in Staves
 13166 | D:11     | Huge Dmg: 32 dmg
 13167 | D:11     | Huge Dmg: 18 dmg
 13451 | D:11     | Huge Dmg: 40 dmg
 13460 | D:11     | Huge Dmg: 15 dmg
 13462 | D:11     | Huge Dmg: 19 dmg
 13464 | D:11     | HP: 2/94 [boulder beetle (11)]
 13465 | D:11     | Huge Dmg: 11 dmg
 13597 | D:11     | Reached skill level 5 in Shields
 13721 | D:11     | Identified the +9 plate armour of the Gastropod {+Blink}
 13796 | D:11     | Huge Dmg: 30 dmg
 13995 | D:11     | Huge Dmg: 25 dmg
 13998 | D:11     | Identified the amulet of Ucoastror {RegenMP Rampage rC+
                  | Dex-5}
 14375 | D:11     | Learned a level 5 spell: Fireball
 14383 | D:11     | Got Toskoq's Directory of the Fjord and Putrescence
 14432 | D:11     | Noticed Snorg
 14500 | Lair:1   | Entered Level 1 of the Lair of Beasts
 14554 | Lair:1   | Noticed blacky4's ghost (journeyman GrFi)
 14555 | Lair:1   | Noticed a minotaur
 14681 | Lair:1   | Acquired 339 gold pieces
 14699 | Lair:1   | Found a runed translucent gate.
 14700 | Lair:1   | Found a runed translucent gate.
 14701 | Lair:1   | Found a runed translucent gate.
 14734 | Lair:1   | Reached XP level 14. HP: 101/101 MP: 24/24
 15392 | Lair:1   | Huge Dmg: 25 dmg
 15393 | Lair:1   | Huge Dmg: 18 dmg
 15395 | Lair:1   | Offered knowledge of Starburst by Vehumet.
 15397 | Lair:1   | Killed blacky4's ghost
 15701 | Lair:2   | Learned a level 6 spell: Starburst
 15802 | Lair:2   | Found a staircase to the Snake Pit.
 16230 | Lair:2   | Found a staircase to the Swamp.
 16655 | Lair:3   | Noticed Fannar
 16662 | Lair:3   | Huge Dmg: 21 dmg
 16667 | Lair:3   | Huge Dmg: 17 dmg
 16674 | Lair:3   | Killed Fannar
 17497 | Lair:4   | Huge Dmg: 16 dmg
 17780 | Lair:4   | Reached skill level 5 in Evocations
 17928 | Lair:4   | Huge Dmg: 27 dmg
 18302 | Lair:5   | Entered Level 5 of the Lair of Beasts
 18353 | Lair:5   | Reached XP level 15. HP: 86/107 MP: 24/29
 18440 | Lair:5   | Found a viscous altar of Jiyva.
 18444 | Lair:5   | Reached skill level 10 in Spellcasting
 18468 | Lair:5   | Huge Dmg: 36 dmg
 18565 | Lair:5   | Found a staircase to the Slime Pits.
 18741 | Lair:5   | Identified the +1 ring mail of Parts Unknown {-Cast +Blink
                  | rF+ rCorr}
 18836 | Lair:5   | Reached ****** piety under Vehumet
 19380 | Lair:5   | Offered knowledge of Leda's Unmaking by Vehumet.
 19863 | D:11     | Killed Snorg
 19937 | D:11     | Found a staircase to the Orcish Mines.
 20257 | D:12     | Found a runed translucent door.
 20258 | D:12     | Found a shimmering altar of Xom.
 20258 | D:12     | Noticed Varahof's ghost (journeyman MiFi)
 20263 | D:12     | Huge Dmg: 20 dmg
 20268 | D:12     | Killed Varahof's ghost
 20273 | D:12     | Identified the ring of Serarph {rPois Str+4 Dex+4 SInv}
 20487 | D:12     | Found a transporter.
 20506 | D:12     | Found a transporter.
 20529 | D:12     | Found a transporter.
 20534 | D:12     | Found a transporter.
 20613 | D:12     | Huge Dmg: 53 dmg
 20615 | D:12     | Huge Dmg: 27 dmg
 20841 | D:12     | Found a portal to a secret trove of treasure.
 21136 | D:13     | Noticed Maurice
 21139 | D:13     | Killed Maurice
 21473 | D:13     | Reached skill level 10 in Staves
 21660 | D:13     | Huge Dmg: 23 dmg
 21863 | D:13     | Huge Dmg: 20 dmg
 21867 | D:13     | Huge Dmg: 15 dmg
 21868 | D:13     | Huge Dmg: 8 dmg
 22096 | D:13     | Found a gate to the Vaults.
 22347 | D:14     | Identified the +0 scale mail of the Holding Gods {rC- rN+
                  | Will+ Int-5 Dex+3}
 22361 | D:14     | Identified the +8 flail "Demonslayer" {speed, Fragile rPois
                  | rC+}
 22368 | D:14     | Reached XP level 16. HP: 114/114 MP: 31/31
 22506 | D:14     | Noticed Agnes
 22512 | D:14     | Huge Dmg: 33 dmg
 22512 | D:14     | Killed Agnes
 23034 | D:15     | Entered Level 15 of the Dungeon
 23049 | D:14     | Huge Dmg: 17 dmg
 23271 | D:15     | Huge Dmg: 33 dmg
 23277 | D:15     | Offered knowledge of Plasma Beam by Vehumet.
 23555 | D:15     | Found Fybra's Jewellery Shoppe.
 23802 | D:15     | Huge Dmg: 38 dmg
 24095 | D:15     | Huge Dmg: 25 dmg
 24259 | D:15     | Found a burning altar of Makhleb.
 24392 | D:15     | Found a staircase to the Depths.
 24555 | D:15     | Found a burning altar of Makhleb.
 24555 | D:15     | Found the +16 obsidian axe {drain, demonic, Mesm Drain Fly
                  | SInv}
 25057 | Orc:1    | Entered Level 1 of the Orcish Mines
 25057 | Orc:1    | Noticed Harold
 25063 | Orc:1    | Killed Harold
 25177 | Orc:2    | Entered Level 2 of the Orcish Mines
 25257 | Orc:2    | Found a staircase to the Elven Halls.
 25341 | Orc:1    | Offered knowledge of Arcjolt by Vehumet.
 25728 | Orc:2    | Learned a level 3 spell: Inner Flame
 26098 | Orc:2    | Huge Dmg: 35 dmg
 26100 | Orc:2    | Huge Dmg: 15 dmg
 26102 | Orc:2    | Huge Dmg: 11 dmg
 26108 | Orc:2    | Huge Dmg: 11 dmg
 26388 | Orc:2    | Found Womixydgh's Book Shop.
 26388 | Orc:2    | Found Iqapiny's Jewellery Shop.
 26395 | Orc:2    | Offered knowledge of Spellforged Servitor by Vehumet.
 26399 | Orc:2    | Found Rolakeas's Antique Weapon Boutique.
 26405 | Orc:2    | Found Wollaan's Assorted Antiques.
 26596 | Orc:2    | Found Rolakeas's Antique Weapon Boutique.
 26596 | Orc:2    | Found Iqapiny's Jewellery Shop.
 26597 | Orc:2    | Found Womixydgh's Book Shop.
 26600 | Orc:2    | Found Wollaan's Assorted Antiques.
 26776 | Orc:2    | Found a staircase to the Elven Halls.
 27131 | Elf:1    | Entered Level 1 of the Elven Halls
 27148 | Elf:1    | Found a radiant altar of Vehumet.
 27162 | Elf:1    | Paralysed by an air elemental for 1 turns
 27169 | Elf:1    | Paralysed by an air elemental for 1 turns
 27178 | Elf:1    | Reached XP level 17. HP: 100/122 MP: 8/33
 27183 | Elf:1    | Huge Dmg: 28 dmg
 27186 | Orc:2    | Huge Dmg: 17 dmg
 27413 | Swamp:1  | Entered Level 1 of the Swamp
 27582 | Swamp:1  | Reached skill level 10 in Dodging
 27651 | Swamp:1  | Reached skill level 10 in Armour
 28729 | D:8      | Bought a manual of Staves for 960 gold pieces
 28729 | D:8      | Bought a manual of Summonings for 960 gold pieces
 28737 | D:8      | Learned a level 7 spell: Spellforged Servitor
 28843 | Swamp:2  | Reached skill level 1 in Summonings
 28844 | Swamp:2  | Reached skill level 2 in Summonings
 28849 | Swamp:2  | Reached skill level 3 in Summonings
 28849 | Swamp:2  | Huge Dmg: 24 dmg
 28850 | Swamp:2  | Reached skill level 4 in Summonings
 28985 | Swamp:2  | Reached skill level 5 in Summonings
 29498 | Swamp:3  | Reached skill level 6 in Summonings
 29654 | Swamp:3  | Reached skill level 7 in Summonings
 29742 | Swamp:3  | Identified the +1 scale mail of the Slimy God {rElec rN+
                  | Dex-2}
 29891 | Swamp:3  | Reached skill level 8 in Summonings
 29989 | Swamp:3  | Identified the +1 pair of gloves of Teos {Harm rF- Dex+2
                  | Slay+3}
 30177 | Swamp:4  | Entered Level 4 of the Swamp
 30310 | Swamp:4  | Reached skill level 9 in Summonings
 30552 | Swamp:4  | Reached skill level 10 in Summonings
 30801 | Swamp:4  | Reached XP level 18. HP: 113/127 MP: 34/34
 30841 | Swamp:4  | Reached skill level 11 in Summonings
 31224 | Swamp:4  | Got a decaying rune of Zot
 31644 | Orc:2    | Bought a book of Lightning for 408 gold pieces
 31644 | Orc:2    | Bought a book of the Wilderness for 456 gold pieces
 31645 | Orc:2    | Bought a scroll of amnesia for 148 gold pieces
 31653 | Orc:2    | Learned a level 6 spell: Plasma Beam
 31956 | Snake:1  | Entered Level 1 of the Snake Pit
 32016 | Snake:1  | Reached skill level 1 in Air Magic
 32174 | Snake:1  | Offered knowledge of Fire Storm by Vehumet.
 32174 | Snake:1  | Offered knowledge of Shatter by Vehumet.
 32174 | Snake:1  | Offered knowledge of Maxwell's Capacitive Coupling by
                  | Vehumet.
 32182 | Snake:1  | Reached skill level 12 in Summonings
 32380 | Snake:1  | Found Qungiymu's Book Shoppe.
 32380 | Snake:1  | Found Dunajual's Jewellery Shop.
 32381 | Snake:1  | Found Laetuol's Jewellery Shop.
 32602 | Snake:1  | Reached skill level 13 in Summonings
 33646 | Snake:2  | Huge Dmg: 29 dmg
 33651 | Snake:2  | Huge Dmg: 25 dmg
 33757 | Snake:2  | Reached skill level 14 in Summonings
 34559 | Snake:3  | Found Gifos's Vocational Training.
 34862 | Snake:3  | Found Uwely's Antique Weapon Shop.
 34870 | Snake:3  | Learned a level 6 spell: Summon Cactus Giant
 35253 | Snake:4  | Entered Level 4 of the Snake Pit
 35323 | Snake:4  | Found a frozen archway.
 35443 | IceCv    | Entered an ice cave
 35731 | IceCv    | Reached skill level 15 in Staves
 35731 | IceCv    | Reached XP level 19. HP: 121/133 MP: 36/37
 36148 | IceCv    | Noticed an Ice Fiend
 36150 | IceCv    | Killed an Ice Fiend
 36262 | IceCv    | Identified the ring "Tuop" {Drain rF++ rC+ Str+2}
 36277 | IceCv    | Got the Handbook of Blasts and Correspondence
 36989 | Snake:4  | Huge Dmg: 35 dmg
 36990 | Snake:4  | Huge Dmg: 20 dmg
 36991 | Snake:4  | Reached skill level 5 in Air Magic
 36992 | Snake:4  | Huge Dmg: 15 dmg
 37049 | Snake:4  | Huge Dmg: 14 dmg
 37200 | Snake:3  | Noticed Kirke
 37208 | Snake:3  | Reached skill level 15 in Summonings
 37208 | Snake:3  | Killed Kirke
 37716 | Snake:4  | Got a serpentine rune of Zot
 38455 | Elf:1    | Huge Dmg: 34 dmg
 38830 | Elf:1    | Huge Dmg: 28 dmg
 38942 | Elf:1    | Got the Excursus on Maleficent Acts
 39082 | Elf:1    | Found Firorch's Antique Weapon Emporium.
 39091 | Elf:1    | Found Luips's Book Shoppe.
 39120 | Elf:1    | Huge Dmg: 27 dmg
 39121 | Elf:1    | Reached skill level 16 in Summonings
 39494 | Elf:2    | Reached XP level 20. HP: 134/140 MP: 24/39
 39778 | Elf:2    | Found a runed translucent gate.
 39779 | Elf:2    | Found a runed translucent gate.
 39780 | Elf:2    | Found a runed translucent gate.
 39810 | Elf:2    | Found a flickering gateway to a bazaar.
 39823 | Elf:2    | Paralysed by an air elemental for 1 turns
 39836 | Bazaar   | Entered a bazaar
 39836 | Bazaar   | Found Vapt's Antique Weapon Shop.
 39836 | Bazaar   | Found Uxkaxetz's Antique Armour Shop.
 39876 | Bazaar   | Found Munlenao's Distillery.
 39915 | Bazaar   | Bought a smoking leather armour for 203 gold pieces
 39915 | Bazaar   | Identified the +0 leather armour of Pinkur {rN+ Dex+4} (You
                  | bought it in a shop in a bazaar)
 39915 | Bazaar   | Bought a faintly glowing kite shield for 275 gold pieces
 39915 | Bazaar   | Identified the +5 kite shield of Xom's Reproof {Drain +Inv
                  | rPois rF-} (You bought it in a shop in a bazaar)
 39929 | Bazaar   | Bought a potion of heal wounds for 35 gold pieces
 39929 | Bazaar   | Bought a potion of magic for 56 gold pieces
 39929 | Bazaar   | Bought a potion of heal wounds for 35 gold pieces
 39929 | Bazaar   | Bought a potion of magic for 56 gold pieces
 39929 | Bazaar   | Bought a potion of ambrosia for 56 gold pieces
 39929 | Bazaar   | Bought a potion of ambrosia for 56 gold pieces
 40066 | Elf:2    | Reached skill level 10 in Shields
 40101 | Elf:2    | Found Pumnufof's Firing Range.
 40316 | Elf:2    | Reached skill level 15 in Fighting
 40421 | Elf:2    | Huge Dmg: 33 dmg
 40449 | Elf:2    | Huge Dmg: 21 dmg
 40464 | Elf:2    | Huge Dmg: 38 dmg
 40466 | Elf:2    | Huge Dmg: 10 dmg
 40488 | Elf:2    | Huge Dmg: 9 dmg
 40491 | Elf:3    | Entered Level 3 of the Elven Halls
 41536 | Elf:3    | Paralysed by an air elemental for 1 turns
 41542 | Elf:3    | Paralysed by an air elemental for 1 turns
 41653 | Elf:3    | Huge Dmg: 55 dmg
 41655 | Elf:3    | HP: 5/141 [deep elf blademaster/+0 quick blade (6)]
 41655 | Elf:3    | Slain by a deep elf blademaster

Illustrated notes

Levels and vault maps discovered:
D:1:      eino_arrival_cavern_a, layout_loops_ring, serial_shops,
          nicolae_shop_tiny_waterfront, chequers_ecumenical_altar_simple
D:2:      layout_basic, minmay_increasing_density
D:3:      layout_basic, vehumet_altar_wand_db
D:4:      layout_rooms, gammafunk_temple_overflow_statue,
          nicolae_ru_great_annihilating_truth, uniq_eustachio
D:5:      layout_gridville
D:6:      layout_basic, grunt_temple_overflow_open, serial_rivers,
          chequers_serial_rivers_small_a, chequers_serial_rivers_micro_c,
          chequers_serial_rivers_small_b, chequers_serial_rivers_micro_e,
          chequers_serial_rivers_small_b, chequers_serial_rivers_small_b,
          serial_shops, shop, uniq_edmund, uniq_pikel, uniq_maggie
D:7:      layout_basic, kennysheep_mini_moat, minmay_temple_entry_antechambers,
          kennysheep_big_empty_room, uniq_menkaure
D:8:      layout_loops_ring, kennysheep_slug_shrine, hellmonk_lair_entry_icy,
          chequers_ossuary_entry_cave, hangedman_decor_opposing,
          nicolae_shop_self_help
D:9:      layout_basic, nicolae_two_hexagons, nicolae_blasting_shop,
          minmay_alternating_orb
D:10:     layout_rooms, enter_bailey_3, uniq_amaemon
D:11:     minmay_the_grid_net [minmay_the_grid_tiny_cups,
          minmay_the_grid_small_cups, minmay_the_grid_square_x,
          minmay_the_grid_rooms, minmay_the_grid_mess,
          minmay_the_grid_prize_trominoes], layout_long_grid, orc_0_dummy,
          uniq_snorg
D:12:     layout_basic, nicolae_trove_entry_path_of_doom, ebering_ghost_xom,
          nicolae_diode_intersection
D:13:     layout_roguey, david_vaults_4, uniq_maurice
D:14:     layout_rooms, special_room [special_room_orc], uniq_agnes
D:15:     gammafunk_enter_depths_forms, layout_cave_pools, serial_shops, shop,
          corexii_corridor_pit, grunt_guarded_unrand_obsidian_axe
Lair:1:   layout_regular_city, maelrawn_ghost_gauntlet_escape,
          serial_bayou_shore_b, grunt_megastairs_5
Lair:2:   layout_roguey, nicolae_swamp_entry_spooky,
          minmay_snake_entry_guardpost_small, st_stairs_4,
          infiniplex_staircase_pool, lemuel_fruit_fields
Lair:3:   layout_regular_city, uniq_fannar
Lair:4:   layout_hall_layers, nicolae_quartered_pool_little
Lair:5:   gammafunk_lair_ancient_temple, layout_big_grid,
          minmay_slime_entry_oklob_enclosed
Swamp:1:  layout_falls_marsh, evilmike_swamp_ruin_house_4
Swamp:2:  layout_basic_swamp, hangedman_swamp_ruin_hall,
          nicolae_swamp_super_fun_site
Swamp:3:  layout_basic_swamp, evilmike_swamp_ruin_house_2
Swamp:4:  swamp, layout_basic_swamp, infiniplex_staircase_pool_2
Snake:1:  layout_layer_cave, minmay_shop_grove, grunt_megastairs_1
Snake:2:  layout_misc_corridors
Snake:3:  layout_misc_corridors, serial_shops,
          nicolae_shop_temple_entry_statues_fountains, nicolae_shop_vocational,
          serial_bayou_shore_b, uniq_kirke
Snake:4:  snake_pit, layout_basic, portal_ice_cave_entry_ice_statue_two
Orc:1:    layout_caves, uniq_harold
Orc:2:    st_orc_mages, layout_diamond_mine, bh_open_orc_temple
Elf:1:    eino_elf_arrival_altar, layout_geoelf_grid, minmay_elf_necromancy,
          minmay_shoptagon
Elf:2:    elven_hall_of_blades_hangedman_original [mumra_blade_entry_bloodbath],
          layout_gridlike, serial_shops, bzr_entry_gold,
          nicolae_shop_firing_range
Elf:3:    minmay_elf_hall_hex, layout_rooms, serial_glass, glass_columns_c,
          glass_columns_a

Skill      XL: |  1  2  3  4  5  6  7  8  9 10 11 12 13 14 15 16 17 18 19 20 |
---------------+-------------------------------------------------------------+-----
Conjurations   | 2 3 4 5 7 9 10 11 12 14 | 14.8
Fire Magic     | 4 6 7 8 9 10 11 12 | 12.0
Spellcasting   | 3 4 5 6 9 10 11 13 14 | 14.0
Ice Magic      | 2 |  2.2
Fighting       | 3 5 6 11 12 13 14 15 | 15.3
Armour         | 2 4 6 7 9 11 12 | 12.0
Evocations     | 2 4 5 7 8 |  8.0
Dodging        | 3 5 6 7 9 11 12 | 12.0
Translocations | 2 |  2.0
Staves         | 3 7 8 10 12 13 15 | 15.0
Shields        | 1 6 7 8 9 10 | 10.6
Summonings     | 10 14 16 | 16.8
Air Magic      | 4 6 7 |  7.9
Stealth        | |  2.0

Action                     |  1- 3 |  4- 6 |  7- 9 | 10-12 | 13-15 | 16-18 | 19-21 || total
---------------------------+-------+-------+-------+-------+-------+-------+-------++-------
  Melee: Staff             |    11 |    11 |     3 |    69 |    71 |   134 |   130 ||   429
         Kick              |     3 |       |     2 |    28 |    28 |    56 |    61 ||   178
         Peck              |     1 |     2 |       |    10 |    20 |    28 |    38 ||    99
         Punch             |       |       |       |     2 |       |       |       ||     2
   Cast: Foxfire           |    41 |   107 |   109 |   235 |    40 |    12 |       ||   544
         Scorch            |       |     4 |    50 |   179 |   164 |    42 |    31 ||   470
         Freeze            |       |       |     8 |       |       |       |       ||     8
         Volatile Blastmot |       |       |     5 |    12 |    11 |       |       ||    28
         Flame Wave        |       |       |     9 |    17 |    20 |     3 |       ||    49
         Iskenderun's Myst |       |       |       |    15 |    13 |    55 |       ||    83
         Sticky Flame      |       |       |       |    12 |    55 |    12 |     3 ||    82
         Fireball          |       |       |       |       |   129 |   295 |    44 ||   468
         Starburst         |       |       |       |       |    81 |   175 |    14 ||   270
         Spellforged Servi |       |       |       |       |       |    35 |    44 ||    79
         Plasma Beam       |       |       |       |       |       |    21 |    45 ||    66
         Summon Cactus Gia |       |       |       |       |       |     8 |    42 ||    50
 Invoke: Renounce Religion |       |     1 |       |       |       |       |       ||     1
  Evoke: Wand              |       |       |       |       |     5 |     1 |       ||     6
    Use: Scroll            |       |       |    13 |    11 |     9 |    18 |     2 ||    53
         Potion            |       |       |     2 |     1 |     5 |       |     7 ||    15
   Stab: Sleeping          |       |       |     1 |       |     1 |       |       ||     2
         Distracted        |       |       |       |     1 |       |       |     1 ||     2
 Armour: Robe              |     1 |     3 |     3 |       |       |       |       ||     7
         Leather armour    |       |       |    17 |    47 |    75 |    61 |    52 ||   252
  Dodge: Dodged            |    13 |    14 |    32 |   143 |   136 |   141 |   105 ||   584
  Block: Buckler           |       |       |       |    14 |       |       |       ||    14
         Kite shield       |       |       |       |    11 |   207 |   268 |   152 ||   638

Table legend: (Time is in decaauts)
 A = Elapsed time spent in this place.
 B = Non-inter-level travel time spent in this place.
 C = Inter-level travel time spent in this place.
 D = Time resting spent in this place.
 E = Time spent auto-exploring this place.
 F = Levels seen in this place.
 G = Mean time per level.
                   A        B        C        D        E       F      G
               +--------+--------+--------+--------+--------+-----+--------+
         Total |  39550 |  37072 |   2478 |   5652 |  24090 |  37 | 1068.9 |
       Dungeon |  17934 |  16822 |   1112 |   2789 |  11184 |  15 | 1195.6 |
          Lair |   5195 |   4760 |    435 |    367 |   3585 |   5 | 1039.0 |
         Swamp |   3585 |   3282 |    303 |    545 |   2078 |   4 |  896.2 |
     Snake Pit |   4521 |   4306 |    215 |    619 |   2771 |   4 | 1130.2 |
  Orcish Mines |   2277 |   1930 |    347 |    296 |   1393 |   2 | 1138.5 |
   Elven Halls |   3211 |   3148 |     63 |    569 |   1651 |   3 | 1070.3 |
        Bazaar |    109 |    109 |      0 |      0 |     59 |   1 |  109.0 |
       Ossuary |    482 |    482 |      0 |      0 |    277 |   1 |  482.0 |
        Bailey |   1100 |   1100 |      0 |    300 |    475 |   1 | 1100.0 |
      Ice Cave |   1131 |   1131 |      0 |    165 |    614 |   1 | 1131.0 |
               +--------+--------+--------+--------+--------+-----+--------+

Top non-repeatable levels by time:
    D:11: 2108 daAuts
   Orc:2: 1877 daAuts
     D:9: 1628 daAuts
     D:8: 1427 daAuts
    D:13: 1307 daAuts
    D:15: 1280 daAuts
 Snake:1: 1276 daAuts
  Lair:5: 1272 daAuts
     D:7: 1242 daAuts
   Elf:1: 1239 daAuts
   Elf:2: 1225 daAuts
 Snake:3: 1225 daAuts
     D:6: 1206 daAuts
    D:14: 1152 daAuts
   IceCv: 1131 daAuts
